 Dungeon Crawl Stone Soup version 0.24.0-124-g2791043dd8 (webtiles) character file.

Game seed: 16540826598893447273, levelgen mode: deterministic

130685 Peloso the Hoplite (level 16, -19/146 HPs)
             Began as a Minotaur Fighter on Feb 16, 2020.
             Was the Champion of Okawaru.
             Demolished by a kraken (23 damage)
             ... on level 3 of the Shoals.
             The game lasted 01:27:52 (28673 turns).

Peloso the Hoplite (Minotaur Fighter)              Turns: 28673, Time: 01:27:53

Health: -19/146    AC: 31    Str: 30    XL:     16   Next: 53%
Magic:  16/16      EV: 11    Int: 10    God:    Okawaru [******]
Gold:   476        SH: 29    Dex: 13    Spells: 15/15 levels left

rFire    + . .     SeeInvis .   a - +8 demon blade "Leech" {vamp, rN+ AC-3 EV-3}
rCold    + . .     Gourm    .   J - +0 large shield of Resonance {+Fly rF+ Int+5 Dex+3}
rNeg     + . .     Faith    .   x - +7 plate armour of Ohesoatu {Str+5 Dex-3}
rPois    +         Spirit   .   D - +2 hat
rElec    +         Reflect  +   P - +1 cloak of Starlight {rElec rC+ EV+4 Stlth--}
rCorr    +         Harm     .   K - +2 pair of gloves {archery}
MR       ++++.                  H - +1 pair of boots "Juoplekk" {rPois MR+ rCorr}
Stlth    ..........             A - +4 amulet of reflection
HPRegen  0.34/turn              C - ring of protection from magic
MPRegen  0.15/turn              i - ring of the Ban {Wiz +Blink MR+ Slay+4}

@: very slow
A: retaliatory headbutt, horns 2
a: Heroism, Finesse, Renounce Religion, Evoke Blink, Evoke Flight


You were on level 3 of the Shoals.
You worshipped Okawaru.
Okawaru was exalted by your worship.
You were not hungry.

You visited 4 branches of the dungeon, and saw 26 of its levels.
You also visited: Sewer, Gauntlet, Ice Cave and Volcano.

You collected 2890 gold pieces.
You spent 2414 gold pieces at shops.

Inventory:

Hand Weapons
 a - the +8 demon blade "Leech" (weapon) {vamp, rN+ AC-3 EV-3}
   (You bought it in a shop on level 2 of the Orcish Mines)

   It inflicts no extra harm, but heals its wielder when it wounds a living foe.
   It affects your AC (-3).
   It affects your evasion (-3).
   It protects you from negative energy.
 b - a +2 scimitar of flaming
Armour
 x - the +7 plate armour of Ohesoatu (worn) {Str+5 Dex-3}
   (You found it on level 5 of the Dungeon)

   It affects your strength (+5).
   It affects your dexterity (-3).
 D - a +2 hat (worn)
 H - the +1 pair of boots "Juoplekk" (worn) {rPois MR+ rCorr}
   (You bought it in a shop on level 9 of the Dungeon)

   It protects you from poison.
   It affects your resistance to hostile enchantments.
   It provides partial protection from all sources of acid and corrosion.
 J - the +0 large shield of Resonance (worn) {+Fly rF+ Int+5 Dex+3}
   (You took it off a minotaur in a Gauntlet)

   It affects your intelligence (+5).
   It affects your dexterity (+3).
   It protects you from fire.
   It lets you fly.
 K - a +2 pair of gloves of archery (worn)
 N - a +1 pair of boots of flying
 P - the +1 cloak of Starlight (worn) {rElec rC+ EV+4 Stlth--}
   (You found it on level 6 of the Lair of Beasts)

   It affects your evasion (+4).
   It protects you from cold.
   It insulates you from electricity.
   It makes you much less stealthy.
 T - a +2 pair of boots of running
Jewellery
 i - the ring of the Ban (right hand) {Wiz +Blink MR+ Slay+4}
   (You bought it in a shop on level 7 of the Dungeon)

   [ring of wizardry]

   It improves your spell success rate.
   It affects your accuracy and damage with ranged weapons and melee attacks
   (+4).
   It affects your resistance to hostile enchantments.
   It lets you blink.
 m - a cursed ring of attention {unknown}
 A - a +4 amulet of reflection (around neck)
 C - a ring of protection from magic (left hand)
 L - a cursed amulet of rage
 U - a +3 ring of protection
Wands
 g - a wand of flame (29)
 n - a wand of polymorph (6)
 I - a wand of acid (1)
Scrolls
 c - 2 scrolls of blinking {unknown}
 h - 2 scrolls of enchant armour
 k - 2 scrolls of fear
 l - a scroll of silence
 o - 10 scrolls of remove curse
 p - 7 scrolls of teleportation
 r - 2 scrolls of noise
 t - 3 scrolls of fog
 u - a scroll of magic mapping
 v - 2 scrolls of enchant weapon
 G - a scroll of identify
Potions
 d - 4 potions of might
 e - 5 potions of resistance
 q - 6 potions of flight
 w - 2 potions of berserk rage
 z - 2 potions of invisibility
 B - a potion of magic
 E - 8 potions of curing
 F - 3 potions of haste
 M - 3 potions of agility
 V - a potion of mutation
Miscellaneous
 j - a sack of spiders
 y - a phial of floods
 Q - a lamp of fire
Comestibles
 f - 27 rations
 O - 3 chunks of flesh


   Skills:
 + Level 14.3 Fighting
 + Level 16.9 Long Blades
   Level 3.6 Polearms
 + Level 14.1 Armour
 + Level 4.4 Dodging
 + Level 2.2 Stealth
 + Level 21.4 Shields
 + Level 2.5 Invocations
 + Level 0.1 Evocations


You had 15 spell levels left.
You didn't know any spells.
Your spell library contained the following spells:

 Spells                   Type           Power        Failure   Level  Hunger
 Animate Skeleton         Necr           N/A          77%         1    ##.....
 Apportation              Tloc           #.....       77%         1    ##.....
 Beastly Appendage        Tmut           #.....       77%         1    ##.....
 Confusing Touch          Hex            #.....       77%         1    ##.....
 Corona                   Hex            #......      77%         1    ##.....
 Flame Tongue             Conj/Fire      #....        77%         1    ##.....
 Freeze                   Ice            #...         77%         1    ##.....
 Infusion                 Chrm           #...         77%         1    ##.....
 Pain                     Necr           #...         77%         1    ##.....
 Summon Small Mammal      Summ           #...         77%         1    ##.....
 Blink                    Tloc           N/A          87%         2    ###....
 Ensorcelled Hibernation  Hex/Ice        #.....       87%         2    ###....
 Shroud of Golubria       Chrm/Tloc      #.....       87%         2    ###....
 Song of Slaying          Chrm           #.......     87%         2    ###....
 Sticks to Snakes         Tmut           #.......     87%         2    ###....
 Sublimation of Blood     Necr           #.........   87%         2    ###....
 Swiftness                Chrm/Air       #.......     87%         2    ###....
 Throw Flame              Conj/Fire      #.....       87%         2    ###....
 Throw Frost              Conj/Ice       #.....       87%         2    ###....
 Call Canine Familiar     Summ           #.......     98%         3    ####...
 Confuse                  Hex            #.......     98%         3    ####...
 Conjure Flame            Conj/Fire      #.......     98%         3    ####...
 Dazzling Spray           Conj/Hex       #.....       98%         3    ####...
 Gell's Gravitas          Tloc           #.........   98%         3    ####...
 Ignite Poison            Fire/Tmut/Pois #.......     98%         3    ####...
 Inner Flame              Hex/Fire       #.......     98%         3    ####...
 Ozocubu's Armour         Chrm/Ice       #.......     98%         3    ####...
 Recall                   Summ/Tloc      N/A          98%         3    ####...
 Regeneration             Chrm/Necr      #.........   98%         3    ####...
 Spider Form              Tmut/Pois      #.........   98%         3    ####...
 Tukima's Dance           Hex            #.......     98%         3    ####...
 Vampiric Draining        Necr           #.........   98%         3    ####...
 Animate Dead             Necr           N/A          100%        4    #####..
 Ice Form                 Ice/Tmut       #.......     100%        4    #####..
 Passage of Golubria      Tloc           N/A          100%        4    #####..
 Petrify                  Tmut/Erth      #.......     100%        4    #####..
 Sticky Flame             Conj/Fire      #.......     100%        4    #####..
 Summon Ice Beast         Ice/Summ       #.......     100%        4    #####..
 Throw Icicle             Conj/Ice       #.......     100%        4    #####..
 Alistair's Intoxication  Tmut/Pois      #.......     100%        5    ######.
 Blade Hands              Tmut           #.........   100%        5    ######.
 Fireball                 Conj/Fire      #.........   100%        5    ######.
 Irradiate                Conj/Tmut      #.........   100%        5    ######.
 Metabolic Englaciation   Hex/Ice        #.........   100%        5    ######.
 Summon Forest            Summ/Tloc      #.........   100%        5    ######.
 Yara's Violent Unravell  Hex/Tmut       #.........   100%        5    ######.
 Bolt of Cold             Conj/Ice       #.........   100%        6    #######
 Freezing Cloud           Conj/Ice/Air   #.........   100%        6    #######
 Ozocubu's Refrigeration  Ice            #.........   100%        6    #######
 Shadow Creatures         Summ           N/A          100%        6    #######
 Simulacrum               Ice/Necr       #.........   100%        6    #######
 Ring of Flames           Chrm/Fire      #.........   100%        7    #######
 Controlled Blink         Tloc           N/A          100%        8    #######


Dungeon Overview and Level Annotations

Branches:
Dungeon (15/15)            Temple (0/1) D:5            Lair (6/6) D:9
 Shoals (3/4) Lair:4       Spider (0/4) Lair:3        Slime (0/5) Lair:5
    Orc (2/2) D:9             Elf (0/3) Orc:2        Vaults (0/5) D:13
 Depths (0/5) D:15          Sewer (visited)           IceCv (visited)
Volcano (visited)         Gauntlet (visited)

Altars:
Ashenzari
Fedhas
Gozag
Okawaru
Qazlal
Ru
Sif Muna
Trog
Wu Jian
Xom
The Shining One

Shops:
D:7 =   D:9 [   D:10 *   D:11 (   Orc:1 (   Orc:2 (*!(   Shoals:1 *

Annotations:
Shoals:3 3 runed translucent doors, Eddaez Biosh's ghost, journeyman HOFi


Innate Abilities, Weirdness & Mutations

You reflexively headbutt those who attack you in melee.
You have a pair of horns on your head.


Message History

Unknown command.
You hit the kraken but do no damage. You headbutt the kraken!
The kraken is almost dead.
You block the tentacle's attack. x2
The tentacle slaps you but does no damage.
The tentacle completely misses you.
You riposte.
Your unstable footing causes you to fumble your attack.
The kraken bites you!!
* * * LOW HITPOINT WARNING * * *
Okay, then.
You feel much better. You block the tentacle's attack. The tentacle slaps you.
* * * LOW HITPOINT WARNING * * *
The tentacle misses you. You furiously retaliate!
You headbutt the tentacle!
You kill the tentacle!
You block the tentacle's attack.
A tentacle rises from the water!
You block the tentacle's attack. The tentacle completely misses you.
The snapping turtle bites you from afar!
* * * LOW HITPOINT WARNING * * *
You block the tentacle's attack. The kraken bites you!!
You die...

≈≈<.≈....#...####
≈.......##..##
≈≈.≈........# #####.
≈≈≈≈≈.....### #......
≈≈≈≈≈......###......≈
≈≈≈.............≈≈≈≈≈
≈≈≈....##......§§≈≈≈≈
..≈....##...w§w§≈≈≈≈≈
≈≈≈≈≈......tw@§§≈≈≈≈≈
≈≈≈≈.......§§X§≈≈≈≈≈
≈≈≈≈..≈..§§§w§≈≈≈≈≈
≈≈≈≈≈..≈≈≈≈≈≈≈≈≈≈
≈≈≈≈≈≈≈≈≈≈≈≈≈≈≈≈≈
≈≈.≈≈≈≈≈≈≈≈≈≈≈≈≈≈
...≈≈≈≈≈≈≈≈≈≈≈≈≈
≈≈≈≈≈≈≈≈≈≈≈≈≈≈≈


You could see a kraken, a snapping turtle and 4 tentacles.

Vanquished Creatures
  Jorgrun (Shoals:1)
  A kraken (Shoals:1)
  Kirke (D:14)
  2 very ugly things (IceCv)
  The ghost of ciphuk the Brawler, a journeyman TrMo of Ru (Lair:5)
  A stone giant (Volcano)
  A minotaur (Gauntlet)
  2 merfolk javelineers
  2 fire dragons (D:15)
  2 merfolk impalers (Shoals:3)
  A great orb of eyes (Gauntlet)
  12 hydras
  3 merfolk avatars
  Erica (Lair:1)
  A vault guard (D:13)
  A catoblepas (Lair:5)
  A satyr (Shoals:3)
  2 two-headed ogres
  2 merfolk aquamancers
  Urug (D:10)
  3 orc high priests (Orc:2)
  A tengu warrior (D:15)
  Nergalle (Lair:4)
  2 unseen horrors
  An obsidian statue (Volcano)
  4 sea snakes
  Pikel (D:7)
  A large abomination (Gauntlet)
  2 necromancers
  6 harpies
  A wolf spider zombie (D:13)
  4 wizards
  A mana viper (shapeshifter) (D:11)
  7 orc knights
  An oklob plant (Lair:4)
  9 ugly things
  9 manticores
  3 deep elf magi
  4 orc sorcerers
  10 fauns
  2 cyclopes
  16 elephants
  Joseph (D:7)
  5 black mambas
  7 merfolk sirens
  Psyche (D:8)
  5 ice statues (IceCv)
  2 torpor snails
  4 water nymphs
  6 spiny frogs
  A centaur skeleton (D:15)
  A kobold demonologist (D:15)
  9 komodo dragons
  A spiny frog (shapeshifter) (D:15)
  An efreet (Volcano)
  5 rime drakes
  A tengu conjurer (D:15)
  2 anaconda simulacra (IceCv)
  17 merfolk
  3 wind drakes
  6 hornets
  5 trolls
  3 meliai (D:13)
  Grinder (D:3)
  8 polar bears
  4 dream sheep (Lair:4)
  5 snapping turtles
  25 blink frogs
  3 slime creatures (D:14)
  18 hippogriffs
  2 redbacks (Lair:3)
  2 shadows
  18 yaks
  2 spriggans
  A dire elephant simulacrum (IceCv)
  A wraith (D:14)
  A fire elemental (Volcano)
  A vampire (D:11)
  8 water elementals
  5 fire bats (Volcano)
  5 wyverns
  4 hungry ghosts
  19 humans (D:13)
  5 small abominations (Gauntlet)
  5 hogs (D:14)
  3 basilisks
  3 wargs
  A harpy simulacrum (IceCv)
  10 vampire mosquitoes
  2 iron troll simulacra (IceCv)
  An acid dragon (shapeshifter) (D:15)
  10 water moccasins
  3 hydra simulacra (IceCv)
  4 porcupines
  19 orc warriors
  12 ice beasts
  3 sky beasts
  5 black bears
  3 phantoms
  An eye of draining (D:13)
  3 necrophages
  6 ogres
  9 wolves
  9 centaurs
  10 crocodiles
  Blork the orc (D:6)
  A big kobold (Sewer)
  15 bullfrogs
  An earth elemental (Volcano)
  2 gnoll sergeants
  A water moccasin skeleton (D:7)
  A wyvern skeleton (D:9)
  A hornet simulacrum (D:8)
  3 scorpions
  10 killer bees (D:11)
  2 electric eels
  3 wights (D:10)
  6 crimson imps
  2 howler monkeys
  A centaur zombie (D:6)
  7 lava snakes (Volcano)
  A bullfrog zombie (D:9)
  16 jellies
  4 bullfrog skeletons
  6 hounds
  17 orc priests
  16 orc wizards
  Jessica (D:3)
  2 iguanas
  10 worker ants
  A killer bee zombie (D:9)
  2 worker ant zombies
  15 gnolls
  2 howler monkey skeletons
  5 adders
  3 river rats
  4 shadow imps
  An ooze (Lair:5)
  3 adder zombies
  An adder skeleton (D:6)
  5 worms
  2 dart slugs (D:1)
  6 leopard geckos
  49 orcs
  12 bats
  3 giant cockroaches
  3 goblins
  10 hobgoblins
  4 jackals
  11 kobolds
  10 quokkas
  4 ball pythons (D:3)
  7 frilled lizards
  A leopard gecko zombie (D:7)
  15 rats
  3 plants
  4 tentacles
790 creatures vanquished.

Vanquished Creatures (others)
  A satyr (Shoals:3)
  A harpy (Shoals:3)
  A cyclops (Orc:1)
  5 fauns
  A slave (D:7)
  2 centaurs
  An orc (Orc:1)
  12 fungi
  4 plants
  9 tentacles (Shoals:1)
37 creatures vanquished.

Grand Total: 827 creatures vanquished

Notes
Turn   | Place    | Note
-------+----------+-------------------------------------------
     0 | D:1      | Peloso the Minotaur Fighter began the quest for the Orb.
     0 | D:1      | Reached XP level 1. HP: 19/19 MP: 0/0
   219 | D:1      | Reached XP level 2. HP: 26/27 MP: 1/1
   477 | D:1      | Reached XP level 3. HP: 25/33 MP: 2/2
   656 | D:2      | Reached skill level 4 in Shields
   926 | D:2      | Reached XP level 4. HP: 41/41 MP: 3/3
  1997 | D:3      | Found a glowing drain.
  2006 | D:3      | Noticed Grinder
  2010 | D:3      | Paralysed by Grinder for 3 turns
  2010 | D:3      | Noticed an ice beast
  2018 | Sewer    | Entered a sewer
  2028 | Sewer    | Reached XP level 5. HP: 27/47 MP: 4/4
  2236 | Sewer    | Reached skill level 5 in Shields
  2269 | Sewer    | Found a white marble altar of Elyvilon.
  2328 | D:3      | Noticed Jessica
  2538 | D:4      | Reached skill level 5 in Long Blades
  2574 | D:4      | Reached XP level 6. HP: 42/55 MP: 5/5
  2588 | D:4      | Reached skill level 5 in Fighting
  2917 | D:4      | Noticed a sky beast
  2920 | D:4      | Reached skill level 6 in Shields
  2934 | D:4      | Killed a sky beast
  2934 | D:4      | Reached XP level 7. HP: 37/61 MP: 6/6
  3052 | D:4      | Found a sacrificial altar of Ru.
  3052 | D:4      | Found an iron altar of Okawaru.
  3060 | D:4      | Found a shattered altar of Ashenzari.
  3062 | D:4      | Became a worshipper of Warmaster Okawaru
  3065 | D:4      | Found a stormy altar of Qazlal.
  3067 | D:4      | Found a shimmering altar of Xom.
  3205 | D:5      | Entered Level 5 of the Dungeon
  3215 | D:5      | Reached skill level 5 in Armour
  3417 | D:5      | Got a brightly glowing plate armour
  3428 | D:5      | Identified the +7 plate armour of Ohesoatu {Str+5 Dex-3}
                  | (You found it on level 5 of the Dungeon)
  3560 | D:5      | Found a staircase to the Ecumenical Temple.
  3598 | D:5      | Found an iron altar of Okawaru.
  3600 | D:5      | Found a shimmering blue altar of Sif Muna.
  3600 | D:5      | Found a white marble altar of Elyvilon.
  3602 | D:5      | Found an opulent altar of Gozag.
  3602 | D:5      | Found a shimmering altar of Xom.
  3602 | D:5      | Found a glowing golden altar of the Shining One.
  4068 | D:6      | Noticed Blork the orc
  4077 | D:6      | Killed Blork the orc
  4130 | D:6      | Reached XP level 8. HP: 69/70 MP: 7/7
  4135 | D:6      | Reached skill level 1 in Dodging
  4169 | D:5      | Reached * piety under Okawaru
  4169 | D:5      | Reached skill level 7 in Shields
  5056 | D:7      | Found Aduox Inlea's Jewellery Shop.
  5141 | D:7      | Reached skill level 8 in Shields
  5403 | D:7      | Noticed Pikel
  5417 | D:7      | Reached ** piety under Okawaru
  5426 | D:7      | Killed Pikel
  5426 | D:7      | Reached skill level 9 in Shields
  5426 | D:7      | Reached XP level 9. HP: 78/78 MP: 8/8
  5441 | D:7      | Noticed Joseph
  5465 | D:7      | Killed Joseph
  5465 | D:7      | Reached skill level 10 in Long Blades
  5799 | D:7      | Found a bloodstained altar of Trog.
  5805 | D:7      | Reached *** piety under Okawaru
  6023 | D:3      | Killed Jessica
  6108 | D:3      | Paralysed by Grinder for 2 turns
  6129 | D:3      | Killed Grinder
  6473 | D:8      | Noticed Psyche
  6492 | D:8      | Killed Psyche
  6492 | D:8      | Reached XP level 10. HP: 87/88 MP: 9/9
  6713 | D:8      | Reached **** piety under Okawaru
  6770 | D:8      | Reached skill level 10 in Shields
  7399 | D:9      | Found a staircase to the Orcish Mines.
  7423 | D:9      | Found Tujic's Antique Armour Shop.
  7430 | D:9      | Found a staircase to the Lair.
  7434 | D:9      | Noticed a two-headed ogre
  7459 | D:9      | Killed a two-headed ogre
  7473 | D:9      | Bought a pair of distressingly furry boots for 275 gold
                  | pieces
  7473 | D:9      | Bought a pair of brightly glowing gloves for 275 gold
                  | pieces
  7480 | D:9      | Identified the +1 pair of boots "Juoplekk" {rPois MR+
                  | rCorr} (You bought it in a shop on level 9 of the Dungeon)
  7490 | D:9      | Identified the +0 pair of gloves "Tout" {rPois} (You bought
                  | it in a shop on level 9 of the Dungeon)
  7612 | D:9      | Reached ***** piety under Okawaru
  7687 | D:9      | Noticed a manticore
  7713 | D:9      | Killed a manticore
  7965 | D:10     | Entered Level 10 of the Dungeon
  8059 | D:10     | Noticed Urug
  8091 | D:10     | Killed Urug
  8091 | D:10     | Reached skill level 11 in Shields
  8101 | D:10     | Reached XP level 11. HP: 35/97 MP: 1/10
  8523 | D:10     | Found Veigaam's Assorted Antiques.
  8539 | D:10     | Noticed a two-headed ogre
  8550 | D:10     | Killed a two-headed ogre
  8550 | D:10     | Reached ****** piety under Okawaru
  8550 | D:10     | Received a gift from Okawaru
  8929 | D:11     | Found Hoddizu's Weapon Emporium.
  8962 | D:11     | Noticed a white ugly thing
  8994 | D:11     | Killed a white ugly thing
  9132 | D:11     | Noticed a six-headed hydra
  9149 | D:11     | Killed a six-headed hydra
  9149 | D:11     | Reached skill level 12 in Shields
  9244 | D:11     | Noticed an unseen horror
  9257 | D:11     | Killed an unseen horror
  9257 | D:11     | Reached skill level 1 in Polearms
  9259 | D:11     | Noticed a five-headed hydra
  9281 | D:11     | Killed a five-headed hydra
  9300 | D:11     | Noticed a mana viper
  9300 | D:11     | a jumping spider changed into a mana viper
  9316 | D:11     | Killed a mana viper
  9316 | D:11     | Reached skill level 1 in Invocations
  9326 | D:11     | Noticed a red ugly thing
  9338 | D:11     | Killed a red ugly thing
  9839 | D:12     | Noticed a five-headed hydra
  9856 | D:12     | Killed a five-headed hydra
 10010 | D:12     | Reached XP level 12. HP: 105/105 MP: 11/11
 10604 | D:12     | Reached skill level 10 in Fighting
 10604 | D:12     | Reached skill level 13 in Shields
 10692 | D:12     | Found a glowing golden altar of the Shining One.
 11016 | D:13     | Found a blossoming altar of Fedhas.
 11244 | D:13     | Found an ornate altar of the Wu Jian Council.
 11303 | D:13     | Reached skill level 10 in Armour
 11500 | D:13     | Received a gift from Okawaru
 11517 | D:13     | Reached skill level 14 in Shields
 11555 | D:13     | Got an ebony scimitar {god gift}
 11556 | D:13     | Identified the +1 scimitar "Zumu" {slice, rN+ Str+2 Stlth+}
                  | (Okawaru gifted it to you on level 13 of the Dungeon)
 11812 | D:13     | Found a gate to the Vaults.
 11812 | D:13     | Noticed a vault guard
 11837 | D:13     | Killed a vault guard
 11847 | D:13     | Received a gift from Okawaru
 12060 | D:14     | Reached skill level 15 in Shields
 12069 | D:14     | Reached XP level 13. HP: 89/115 MP: 13/13
 12425 | D:14     | Noticed Kirke
 12457 | D:14     | Killed Kirke
 12579 | D:14     | Found a shimmering blue altar of Sif Muna.
 12809 | Lair:1   | Entered Level 1 of the Lair of Beasts
 12864 | Lair:1   | Received a gift from Okawaru
 13261 | Lair:1   | Reached skill level 16 in Shields
 13288 | Lair:1   | Noticed Erica
 13302 | Lair:1   | Killed Erica
 13454 | Lair:1   | Reached skill level 15 in Long Blades
 13771 | Lair:1   | Identified a +2 pair of boots of running (Okawaru gifted it
                  | to you on level 1 of the Lair of Beasts)
 14338 | Lair:2   | Identified the Reference Book on Protection and the
                  | Frostbite
 14782 | Lair:3   | Found a hole to the Spider Nest.
 14792 | Lair:3   | You fall into a shaft and drop 2 floors!
 14864 | Lair:5   | Reached skill level 1 in Stealth
 14915 | Lair:5   | Found a runed translucent gate.
 14916 | Lair:5   | Found a runed translucent gate.
 14917 | Lair:5   | Found a runed translucent gate.
 14919 | Lair:5   | Noticed ciphuk's ghost (journeyman TrMo)
 14960 | Lair:5   | Reached skill level 17 in Shields
 15359 | Lair:4   | Reached XP level 14. HP: 125/125 MP: 14/14
 15379 | Lair:4   | Received a gift from Okawaru
 15438 | Lair:4   | Found a staircase to the Shoals.
 15664 | Lair:4   | You fall into a shaft and drop 2 floors!
 15664 | Lair:6   | Entered Level 6 of the Lair of Beasts
 15680 | Lair:6   | Found a dark tunnel.
 15687 | Volcano  | Entered a volcano
 15821 | Volcano  | Noticed a stone giant
 15827 | Volcano  | Found a bloodstained altar of Trog.
 15837 | Volcano  | Killed a stone giant
 16682 | Lair:6   | Reached skill level 18 in Shields
 16715 | Lair:6   | Received a gift from Okawaru
 17487 | Lair:6   | Found the +1 cloak of Starlight {rElec rC+ EV+4 Stlth--}
 18227 | Lair:5   | Killed ciphuk's ghost
 18260 | Lair:5   | Found a staircase to the Slime Pits.
 18270 | Lair:5   | Received a gift from Okawaru
 19244 | Lair:4   | Noticed Nergalle
 19252 | Lair:4   | Killed Nergalle
 19252 | Lair:4   | Reached XP level 15. HP: 73/134 MP: 12/15
 19715 | Lair:3   | Reached skill level 19 in Shields
 20184 | Lair:3   | Found a runed translucent door.
 20499 | D:15     | Entered Level 15 of the Dungeon
 20575 | D:15     | Found a gate leading to a gauntlet.
 20581 | Gauntlet | Entered a Gauntlet
 20581 | Gauntlet | Found a large runed translucent door.
 20581 | Gauntlet | Found a large runed translucent door.
 20581 | Gauntlet | Found a large runed translucent door.
 20581 | Gauntlet | Found a large runed translucent door.
 20581 | Gauntlet | Found a runed translucent door.
 20581 | Gauntlet | Found a large runed translucent door.
 20581 | Gauntlet | Found a large runed translucent door.
 20581 | Gauntlet | Found a transporter.
 20581 | Gauntlet | Found a transporter.
 20581 | Gauntlet | Found a large runed translucent door.
 20581 | Gauntlet | Found a large runed translucent door.
 20581 | Gauntlet | Found a runed translucent gate.
 20581 | Gauntlet | Found a runed translucent gate.
 20581 | Gauntlet | Found a transporter.
 20581 | Gauntlet | Found a transporter.
 20582 | Gauntlet | Found a runed translucent door.
 20582 | Gauntlet | Found a runed translucent gate.
 20584 | Gauntlet | Found a large runed translucent door.
 20584 | Gauntlet | Found a large runed translucent door.
 20584 | Gauntlet | Found a large runed translucent door.
 20584 | Gauntlet | Found a large runed translucent door.
 20585 | Gauntlet | Found a large runed translucent door.
 20585 | Gauntlet | Found a large runed translucent door.
 20586 | Gauntlet | Found a large runed translucent door.
 20586 | Gauntlet | Found a large runed translucent door.
 20601 | Gauntlet | Found a transporter.
 20621 | Gauntlet | Found a transporter.
 20622 | Gauntlet | Found a transporter.
 20636 | Gauntlet | Found a transporter.
 20654 | Gauntlet | Found a transporter.
 20676 | Gauntlet | Found a transporter.
 20678 | Gauntlet | Found a transporter.
 20694 | Gauntlet | Found a transporter.
 20904 | Gauntlet | Received a gift from Okawaru
 20985 | Gauntlet | Got a translucent brass ring
 20990 | Gauntlet | Identified the ring of Incredulity {*Tele rC++ Int-4 SInv
                  | Stlth+} (You found it in a Gauntlet)
 21003 | Gauntlet | Identified the cursed +0 large shield of Resonance {+Fly
                  | rF+ Int+5 Dex+3}
 21032 | Gauntlet | Identified Kuvyip's Reference Book on Dislocated
                  | Weightlessness
 21035 | Gauntlet | Identified the Compendium of Aid and the Escort
 21103 | Gauntlet | Identified a scroll of acquirement
 21217 | D:15     | Found a shimmering altar of Xom.
 22077 | D:15     | Found a staircase to the Depths.
 22842 | Orc:1    | Entered Level 1 of the Orcish Mines
 23119 | Orc:1    | Found Hola's Antique Weapon Boutique.
 23414 | Orc:2    | Entered Level 2 of the Orcish Mines
 23889 | Orc:2    | Found a staircase to the Elven Halls.
 24859 | Orc:2    | Found Ytosmeiv's Weapon Emporium.
 24859 | Orc:2    | Found Aruuqel's Assorted Antiques.
 24881 | Orc:2    | Found Daennuf's Distillery.
 24881 | Orc:2    | Found Gowov's Antique Weapon Shop.
 24902 | Orc:2    | Bought the +8 demon blade "Leech" {vamp, rN+ AC-3 EV-3} for
                  | 935 gold pieces
 24902 | Orc:2    | Found the +8 demon blade "Leech" {vamp, rN+ AC-3 EV-3}
 25290 | D:7      | Bought the ring of the Ban {Wiz +Blink MR+ Slay+4} for 929
                  | gold pieces
 25516 | Shoals:1 | Entered Level 1 of the Shoals
 25533 | Shoals:1 | Found Ivvu's General Store.
 25539 | Shoals:1 | Reached skill level 20 in Shields
 25807 | Shoals:1 | Noticed Jorgrun
 25820 | Shoals:1 | Killed Jorgrun
 26066 | Shoals:1 | Noticed a kraken
 26085 | Shoals:1 | Killed a kraken
 26211 | Shoals:2 | Received a gift from Okawaru
 26307 | Shoals:2 | Reached XP level 16. HP: 118/145 MP: 16/16
 26487 | Shoals:2 | Found a frozen archway.
 26491 | IceCv    | Entered an ice cave
 27817 | Shoals:3 | Reached skill level 21 in Shields
 27834 | Shoals:3 | Found a runed translucent gate.
 27884 | Shoals:3 | Found a runed translucent gate.
 27885 | Shoals:3 | Found a runed translucent gate.
 27887 | Shoals:3 | Noticed Eddaez Biosh's ghost (journeyman HOFi)
 28298 | Shoals:3 | HP: 7/146 [poisoned by a merfolk impaler]
 28298 | Shoals:3 | HP: 3/146 [merfolk/+0 spear (3)]
 28648 | Shoals:3 | Noticed a kraken
 28672 | Shoals:3 | HP: 1/146 [kraken (19)]
 28673 | Shoals:3 | Demolished by a kraken

Levels and vault maps discovered:
D:1:      dpeg_arrival_triangle_fractal, layout_basic
D:2:      layout_basic
D:3:      layout_rooms, first_ration, portal_sewer_entry_c, nrook_mini_vaults,
          grunt_ministairs_8, uniq_grinder, uniq_jessica
D:4:      layout_basic, chequers_temple_overflow_minitemple
D:5:      layout_loops_ring, minmay_temple_entry_hall, doesnt_xom_only_xom
D:6:      layout_loops_ring, serial_rivers, chequers_serial_rivers_small_3,
          chequers_serial_rivers_small_b, chequers_serial_rivers_micro_c,
          chequers_serial_rivers_small_b, uniq_blork_the_orc
D:7:      layout_loops_ring, trog_ov_bears_minmay, serial_shops, shop,
          uniq_pikel, uniq_joseph
D:8:      layout_basic, serial_ice, serial_ice_h, serial_ice_k, serial_ice_m,
          serial_ice_n, uniq_psyche
D:9:      layout_rooms, lair_entry_dummy, orc_0_dummy, serial_shops,
          nicolae_shop_overgrown_old_shop
D:10:     layout_rooms, serial_shops, nicolae_shop_crystal, uniq_urug
D:11:     layout_long_grid, serial_shops,
          nicolae_shop_competitors_out_of_business
D:12:     layout_basic, basic_altar, hangedman_stone_soup
D:13:     layout_cave_pools, grunt_vaults_entry_tiered, basic_altar,
          fedhas_bush_and_centaur_altar
D:14:     layout_long_grid, tgw_sif, uniq_kirke
D:15:     grunt_enter_depths_hoard, layout_loops_ring, gauntlet_entry_generic,
          lemuel_coloured_pillars_altar
Lair:1:   layout_regular_city, st_stairs_8, uniq_erica
Lair:2:   layout_chaotic_city, grunt_forest_stairs_clearing,
          serial_bayou_shore_a, serial_bayou_shore_b
Lair:3:   layout_chaotic_city, spider_nest_entry_a, pf_torpor_hydra
Lair:4:   layout_roguey, elwin_shoals_entry_rocks, infiniplex_staircase_pool,
          uniq_nergalle
Lair:5:   layout_cave_pods, minmay_slime_entry_jelly_boxes,
          gammafunk_ghost_split, serial_bayou_pond_c, lemuel_old_faithful
Lair:6:   gammafunk_lair_ancient_temple, layout_long_grid,
          nicolae_volcano_entry_two_sided
Shoals:1: layout_shoals, serial_shops, shop, uniq_jorgrun
Shoals:2: layout_shoals, portal_ice_cave_entry_pillars_three
Shoals:3: cheibrodos_shoals_baths, layout_shoals, ebering_ghost_rock_garden
Orc:1:    layout_caves, serial_shops, nicolae_shop_crystal
Orc:2:    grunt_orc_tribal_feast, layout_diamond_mine

Skill      XL: |  1  2  3  4  5  6  7  8  9 10 11 12 13 14 15 16 |
---------------+-------------------------------------------------+-----
Fighting       | 4 5 6 7 9 11 12 13 14 | 14.3
Long Blades    | 3 4 5 7 9 11 12 13 14 15 16 | 16.9
Shields        | 4 5 6 9 11 12 15 17 18 20 21 | 21.4
Armour         | 4 5 6 7 8 9 10 11 12 13 14 | 14.1
Dodging        | 1 2 3 4 |  4.4
Polearms       | 3 |  3.6
Invocations    | 1 2 |  2.5
Stealth        | 1 2 |  2.2
Evocations     | |  0.1

Action                   |  1- 3 |  4- 6 |  7- 9 | 10-12 | 13-15 | 16-18 || total
-------------------------+-------+-------+-------+-------+-------+-------++-------
Melee: Long sword        |    98 |   179 |   279 |   714 |       |       ||  1270
       Headbutt          |    18 |    27 |    62 |   187 |   418 |   129 ||   841
       Spear             |       |       |       |    25 |       |       ||    25
       Scimitar          |       |       |       |    90 |  1430 |       ||  1520
       Demon blade       |       |       |       |       |   157 |   372 ||   529
Invok: Heroism           |       |       |       |     8 |     8 |       ||    16
       Finesse           |       |       |       |     1 |     3 |       ||     4
Evoke: Wand              |       |       |       |       |     2 |       ||     2
  Use: Scroll            |       |     5 |     1 |    13 |    17 |     1 ||    37
       Potion            |       |     6 |     2 |     2 |     3 |     3 ||    16
 Stab: Petrified         |       |       |       |       |     2 |       ||     2
  Eat: Chunk             |       |     7 |     5 |    19 |    30 |     6 ||    67
       Ration            |       |       |     2 |     1 |     5 |     1 ||     9
Armor: Scale mail        |     5 |       |       |       |       |       ||     5
       Plate armour      |    71 |   125 |   130 |   430 |   686 |   152 ||  1594
Dodge: Dodged            |    22 |    40 |    47 |   226 |   351 |    91 ||   777
       Deflected         |       |     3 |     1 |    11 |     5 |       ||    20
Block: Shield            |    71 |   101 |   167 |   654 |  1233 |       ||  2226
       Reflection        |       |       |       |    14 |    65 |    61 ||   140
       Large shield      |       |       |       |       |   495 |   581 ||  1076
       Rpst.: Long sword |     7 |     5 |    13 |    33 |       |       ||    58
       Scimitar          |       |       |       |    14 |    84 |       ||    98
       Demon blade       |       |       |       |       |       |    23 ||    23
